 Dungeon Crawl Stone Soup version 0.26-a0-660-gc07710193c (webtiles) character file.

Game seed: 5431895219130015293

37 tom967 the Digger (level 3, -4/21 HPs)
             Began as an Octopode Earth Elementalist on Oct 7, 2020.
             Slain by an orc warrior
             ... wielding a +0 halberd
              (19 damage)
             ... on level 2 of the Dungeon.
             The game lasted 00:12:03 (3047 turns).

tom967 the Digger (Octopode Earth Elementalist)     Turns: 3047, Time: 00:12:03

Health: -4/21      AC:  1    Str:  7    XL:     3   Next: 41%
Magic:  7/7        EV: 13    Int: 18    God:
Gold:   27         SH:  0    Dex: 12    Spells: 1/7 levels left

rFire    . . .     SeeInvis .   g - +0 club
rCold    . . .     Faith    .   (no shield)
rNeg     . . .     Spirit   .   (helmet restricted)
rPois    .         Reflect  .   (no amulet)
rElec    .         Harm     .   (no ring)
rCorr    .         Rampage  .   (no ring)
MR       .....                  (no ring)
Stlth    +++.......             (no ring)
HPRegen  0.07/turn              (no ring)
MPRegen  0.10/turn              (no ring)
                                (no ring)
                                (no ring)

@: no status effects
A: almost no armour, stealthy swim, amphibious, 8 rings, constrict 8, camouflage
1, gelatinous body 1
a: no special abilities


You were on level 2 of the Dungeon.
You visited 1 branch of the dungeon, and saw 2 of its levels.

You collected 27 gold pieces.

Inventory:

Hand Weapons
 g - a +0 club (weapon)
Missiles
 b - 5 stones (quivered)
 e - 16 poisoned darts
 j - 18 sling bullets
 k - 22 arrows
 l - 19 bolts
Scrolls
 m - a scroll of fog {unknown}
Potions
 a - a potion of magic {unknown}
 c - a potion of resistance {unknown}
 d - a potion of brilliance {unknown}
 f - a potion of ambrosia {unknown}
 h - a potion of degeneration {unknown}
 i - 3 potions of heal wounds {unknown}


   Skills:
 - Level 2.1 Dodging
 - Level 2.6 Stealth
 * Level 2.8 Spellcasting
 - Level 1.0 Transmutations
 * Level 3.7 Earth Magic


You had one spell level left.
You knew the following spells:

 Your Spells              Type           Power        Failure   Level
a - Sandblast             Erth           ###...       3%          1
b - Passwall              Tmut/Erth      ##......     10%         2
c - Stone Arrow           Conj/Erth      #.....       24%         3

Your spell library contained the following spells:

 Spells                   Type           Power        Failure   Level
 Petrify                  Tmut/Erth      ##......     54%         4
 Lee's Rapid Deconstruct  Erth           ###.......   71%         5


Dungeon Overview and Level Annotations

Branches:
Dungeon (2/15)

Altars:


Innate Abilities, Weirdness & Mutations

You cannot wear most types of armour.
You are very stealthy in the water. (Stealth+)
You are amphibious.
You can wear up to eight rings at the same time.
You can use your tentacles to constrict eight enemies at once.
Your skin changes colour to match your surroundings (Stealth+).
Your rubbery body absorbs attacks. (AC +1, EV +1)


Message History

You start waiting.
Done waiting.
A kobold comes into view. It is wielding a +0 dagger.
There is a stone staircase leading down here.
You see here a ring mail.
Found a stone staircase leading up.
An orc warrior is nearby!
This spell is extremely dangerous to cast!
Memorise Stone Arrow, consuming 3 spell levels and leaving 1?
You start memorising the spell.
You continue memorising. x3
You finish memorising.
Spell assigned to 'c'.
An orc comes into view. It is wielding a +0 hand axe.
The orc wizard points at you and mumbles some strange words.
The puff of flame hits you.
The orc warrior shouts!
The orc shouts!
There is a stone staircase leading down here.
You can't go up here!
The orc warrior hits you from afar with a +0 halberd!!
Ouch! That really hurt!
You die...

#.....# # ##
###..o# .#
....##...##.#
#.....)....#
##.###..o###
# # #.o.# #<
#.o.# ...
#>..#
#..######@..#
#...........#
#...........#
#.#........##
#######..#
#.## #.# .##
#


You could see an orc warrior, an orc wizard and 2 orcs.

Vanquished Creatures
  An adder (D:2)
  2 leopard geckos (D:1)
  4 bats (D:1)
  7 hobgoblins
  2 jackals (D:1)
  3 frilled lizards (D:1)
  4 kobolds (D:1)
  2 rats (D:1)
25 creatures vanquished.

Notes
Turn   | Place    | Note
-------+----------+-------------------------------------------
     0 | D:1      | tom967 the Octopode Earth Elementalist began the quest for
                  | the Orb.
     0 | D:1      | Reached XP level 1. HP: 11/11 MP: 3/3
   555 | D:1      | Reached XP level 2. HP: 16/17 MP: 3/5
   591 | D:1      | Learned a level 2 spell: Passwall
  2227 | D:1      | Reached XP level 3. HP: 21/21 MP: 3/6
  2878 | D:2      | Noticed an orc warrior
  3046 | D:2      | Learned a level 3 spell: Stone Arrow
  3047 | D:2      | Slain by an orc warrior

Illustrated notes

Levels and vault maps discovered:
D:1:      mrwooster_arrival_arrow, layout_loops_ring
D:2:      minmay_skewed_foursquare, layout_loops_cross

Action                   || total
-------------------------++-------
Melee: Club              ||    10
       Constrict         ||     1
       Tentacles         ||     1
 Cast: Sandblast         ||    26
  Use: Scroll            ||     2
Armor: Skin              ||     3
Dodge: Dodged            ||     9

Table legend: (Time is in decaauts)
 A = Elapsed time spent in this place.
 B = Non-inter-level travel time spent in this place.
 C = Inter-level travel time spent in this place.
 D = Time resting spent in this place.
 E = Time spent auto-exploring this place.
 F = Levels seen in this place.
 G = Mean time per level.
                   A        B        C        D        E       F      G
               +--------+--------+--------+--------+--------+-----+--------+
         Total |   3048 |   2764 |    284 |   2234 |    361 |   2 | 1524.0 |
       Dungeon |   3048 |   2764 |    284 |   2234 |    361 |   2 | 1524.0 |
               +--------+--------+--------+--------+--------+-----+--------+

Top non-repeatable levels by time:
     D:1: 2871 daAuts
     D:2: 177 daAuts
